 Dungeon Crawl Stone Soup version 0.24.0-37-gcf1ca852f1 (webtiles) character file.

Game seed: 11381920123621422155, levelgen mode: deterministic

4449 Mrkan the Grappler (level 10, -19/102 HPs)
             Began as a Troll Monk on Nov 29, 2019.
             Was an Elder of Qazlal.
             Demolished by Erolcha
             ... wielding a +3 giant club
              (23 damage)
             ... on level 9 of the Dungeon.
             The game lasted 00:13:50 (6525 turns).

Mrkan the Grappler (Troll Monk)                     Turns: 6525, Time: 00:13:51

Health: -19/102    AC:  7    Str: 21    XL:     10   Next: 15%
Magic:  14/14      EV: 10    Int:  9    God:    Qazlal [****..]
Gold:   410        SH:  5    Dex: 12    Spells: 9/9 levels left

rFire    . . .     SeeInvis .     - Unarmed
rCold    . . .     Gourm    +   (no shield)
rNeg     . . .     Faith    .   a - +0 robe
rPois    .         Spirit   .   (helmet restricted)
rElec    .         Reflect  .   i - +0 cloak
rCorr    .         Harm     .   (gloves unavailable)
MR       .....                  (boots unavailable)
Stlth    +.........             (no amulet)
HPRegen  0.67/turn              (no ring)
MPRegen  0.14/turn              (no ring)

@: repel missiles
A: large, unfitting armour, claws 3, fast metabolism 3, gourmand, regeneration
1, shaggy fur 1, tough skin 3
a: Upheaval, Elemental Force, Renounce Religion


You were on level 9 of the Dungeon.
You worshipped Qazlal.
Qazlal was greatly pleased with you.
You were completely stuffed.

You visited 1 branch of the dungeon, and saw 9 of its levels.

You collected 542 gold pieces.
You spent 132 gold pieces at shops.

Inventory:

Armour
 a - a +0 robe (worn)
 i - a +0 cloak (worn)
Jewellery
 m - an uncursed ring of wizardry {unknown}
 n - an uncursed ring of ice {unknown}
 p - an uncursed amulet of the gourmand {unknown}
 u - a +3 ring of protection {unknown}
 E - an uncursed ring of flight {unknown}
Wands
 w - a wand of flame (19)
 F - a wand of random effects (19)
Scrolls
 d - 2 scrolls of enchant weapon {unknown}
 f - 3 scrolls of identify {unknown}
 g - 4 scrolls of amnesia {unknown}
 k - 7 scrolls of remove curse {unknown}
 l - 3 scrolls of enchant armour {unknown}
 r - a scroll of noise {unknown}
 s - 3 scrolls of immolation {unknown}
 v - a scroll of magic mapping {unknown}
 y - 5 scrolls of teleportation {unknown}
 A - a scroll of random uselessness {unknown}
 B - a scroll of blinking {unknown}
 G - a scroll of holy word {unknown}
 J - a scroll of brand weapon {unknown}
Potions
 c - 2 potions of haste {unknown}
 e - 4 potions of lignification {unknown}
 h - 6 potions of curing
 j - 2 potions of might
 o - 4 potions of brilliance {unknown}
 q - a potion of mutation {unknown}
 t - 2 potions of heal wounds
 x - 2 potions of cancellation {unknown}
 z - 2 potions of agility
 C - 2 potions of berserk rage {unknown}
 D - a potion of flight {unknown}
 H - a potion of ambrosia {unknown}
Comestibles
 b - 18 rations
 I - 7 chunks of flesh


   Skills:
 + Level 7.6 Fighting
 - Level 2.4 Dodging
 - Level 1.0 Stealth
 - Level 10.1 Unarmed Combat
 * Level 6.7 Invocations


You had 9 spell levels left.
You didn't know any spells.
Your spell library contained the following spells:

 Spells                   Type           Power        Failure   Level  Hunger
 Corona                   Hex            #......      38%         1    ##.....
 Ensorcelled Hibernation  Hex/Ice        #.....       52%         2    ###....
 Call Canine Familiar     Summ           #.......     77%         3    ####...
 Confuse                  Hex            #.......     77%         3    ####...
 Dazzling Spray           Conj/Hex       #.....       77%         3    ####...
 Ozocubu's Armour         Chrm/Ice       #.......     77%         3    ####...
 Recall                   Summ/Tloc      N/A          77%         3    ####...
 Tukima's Dance           Hex            #.......     77%         3    ####...
 Summon Lightning Spire   Summ/Air       #.......     99%         4    #####..
 Silence                  Hex/Air        #.........   100%        5    ######.
 Summon Forest            Summ/Tloc      #.........   100%        5    ######.
 Conjure Ball Lightning   Conj/Air       #.........   100%        6    #######
 Deflect Missiles         Chrm/Air       #.........   100%        6    #######
 Tornado                  Air            #.........   100%        9    #######


Dungeon Overview and Level Annotations

Branches:
Dungeon (9/15)             Temple (0/1) D:5
   Lair: D:8-11         Orc: D:9-12

Altars:
Qazlal

Shops:
D:5 [(!?   D:8 [

Annotations:
D:9 Erolcha


Innate Abilities, Weirdness & Mutations

You are too large for most types of armour.
You have claws for hands.
Your metabolism is lightning-fast.
You like to eat raw meat.
Your natural rate of healing is unusually fast.
You are covered in fur. (AC +1)
You have extremely tough skin. (AC +3)


Message History

You scratch the bullfrog zombie but do no damage.
The bullfrog zombie is lightly damaged.
Something hits you!!
The bullfrog zombie is engulfed in freezing vapours.
The bullfrog zombie hits you.
You mangle the bullfrog zombie!!
The bullfrog zombie is severely damaged.
The bullfrog zombie is engulfed in freezing vapours.
You block the bullfrog zombie's attack. Something hits you!!
* * * LOW HITPOINT WARNING * * *
You mangle the bullfrog zombie!!
You destroy the bullfrog zombie!
Qazlal accepts your kill.
You feel much better. Something hits you!!
* * * LOW HITPOINT WARNING * * *
You feel much better.
The ogre hits you with a +0 giant club!!
* * * LOW HITPOINT WARNING * * *
Something hits you!!
You die...

##...###......
... #...##
#...... ... #..##
#...... #.. #..#
#....## ####.#
##..# #..#..#
......####...#
#..##..#
............###.#
##.#
###○°.O°....#..
..# #.§@{###.....
... #..○###
#.O..# #...# #...
#...... ..###
....# .###.. ..
...... .# ......
.#... #...


You could see an ogre.

Vanquished Creatures
  Erica (D:8)
  Pikel (D:7)
  Prince Ribbit (D:6)
  Sigmund (D:6)
  A hippogriff (D:7)
  Eustachio (D:4)
  3 slaves (D:7)
  A necrophage (D:7)
  3 ice beasts
  5 ogres
  A phantom (D:2)
  A bullfrog (D:7)
  A water moccasin zombie (D:6)
  3 scorpions (D:7)
  4 killer bees (D:7)
  3 howler monkeys
  2 crimson imps
  3 bullfrog zombies
  7 orc priests
  A centaur skeleton (D:5)
  7 hounds
  9 orc wizards
  Terence (D:2)
  2 iguanas
  Natasha (thrice) (D:3)
  2 worker ants
  A hound zombie (D:7)
  3 hound skeletons
  6 adders
  3 shadow imps
  2 adder skeletons
  3 worms
  4 dart slugs
  2 leopard geckos
  32 orcs
  A ball python (D:1)
  11 bats
  5 giant cockroaches
  6 goblins
  11 hobgoblins
  5 jackals
  5 quokkas
  4 frilled lizards
  4 kobolds
  A leopard gecko skeleton (D:5)
  A leopard gecko zombie (D:5)
  3 quokka skeletons
  A quokka zombie (D:5)
  9 rats
191 creatures vanquished.

Vanquished Creatures (others)
  An adder (D:5)
1 creature vanquished.

Grand Total: 192 creatures vanquished

Notes
Turn   | Place    | Note
-------+----------+-------------------------------------------
     0 | D:1      | Mrkan the Troll Monk began the quest for the Orb.
     0 | D:1      | Reached XP level 1. HP: 22/22 MP: 0/0
   177 | D:1      | Reached XP level 2. HP: 29/29 MP: 1/1
   441 | D:1      | Reached XP level 3. HP: 36/36 MP: 2/2
   600 | D:1      | Reached skill level 4 in Unarmed Combat
  1177 | D:2      | Noticed a phantom
  1200 | D:2      | Killed a phantom
  1200 | D:2      | Reached XP level 4. HP: 26/45 MP: 3/3
  1389 | D:2      | Reached skill level 5 in Unarmed Combat
  1389 | D:2      | Reached XP level 5. HP: 53/53 MP: 4/4
  1464 | D:2      | Noticed Terence
  1471 | D:2      | Killed Terence
  1741 | D:3      | Noticed Natasha
  1752 | D:3      | Killed Natasha
  1915 | D:3      | Found a stormy altar of Qazlal.
  1920 | D:3      | Became a worshipper of Qazlal Stormbringer
  1920 | D:3      | Reached * piety under Qazlal
  1920 | D:3      | Reached ** piety under Qazlal
  1985 | D:3      | Found a faded altar of an unknown god.
  2092 | D:3      | Noticed Natasha
  2098 | D:3      | Killed Natasha
  2209 | D:3      | Noticed Natasha
  2214 | D:3      | Killed Natasha
  2214 | D:3      | Reached XP level 6. HP: 59/62 MP: 5/5
  2412 | D:4      | Reached skill level 6 in Unarmed Combat
  2482 | D:4      | Noticed Eustachio
  2504 | D:4      | Killed Eustachio
  2543 | D:4      | Reached XP level 7. HP: 70/70 MP: 6/6
  2615 | D:4      | Reached skill level 7 in Unarmed Combat
  3174 | D:5      | Entered Level 5 of the Dungeon
  3315 | D:5      | Reached *** piety under Qazlal
  3347 | D:5      | Reached skill level 8 in Unarmed Combat
  3419 | D:5      | Reached skill level 5 in Fighting
  3447 | D:5      | Reached XP level 8. HP: 80/80 MP: 7/7
  3449 | D:5      | Found Fixov's Armour Emporium.
  3500 | D:5      | Found Owiedwe's Weapon Boutique.
  3572 | D:5      | Found Pemure's Distillery.
  3576 | D:5      | Bought a potion of might for 44 gold pieces
  3576 | D:5      | Bought a potion of heal wounds for 55 gold pieces
  3576 | D:5      | Bought a potion of curing for 33 gold pieces
  3634 | D:5      | Found Ycsoitt's Magic Scroll Boutique.
  3800 | D:5      | Found a staircase to the Ecumenical Temple.
  3993 | D:6      | Noticed Sigmund
  3999 | D:6      | Killed Sigmund
  3999 | D:6      | Reached skill level 9 in Unarmed Combat
  4076 | D:6      | Noticed Prince Ribbit
  4095 | D:6      | Killed Prince Ribbit
  4452 | D:7      | Reached skill level 10 in Unarmed Combat
  4530 | D:7      | Reached XP level 9. HP: 89/89 MP: 8/8
  4536 | D:7      | Reached skill level 1 in Invocations
  4549 | D:7      | Reached **** piety under Qazlal
  4760 | D:7      | Noticed Pikel
  4766 | D:7      | Killed Pikel
  4841 | D:7      | Reached skill level 5 in Invocations
  5676 | D:8      | Found Zosiabit's Armour Shop.
  6171 | D:8      | Noticed Erica
  6185 | D:8      | Killed Erica
  6185 | D:8      | Reached XP level 10. HP: 70/101 MP: 13/13
  6286 | D:8      | Identified the Almanac of Assistive Slavery
  6514 | D:9      | Noticed Erolcha
  6525 | D:9      | HP: 4/102 [ogre/+0 giant club (25)]
  6525 | D:9      | Demolished by Erolcha

Levels and vault maps discovered:
D:1:      dpeg_arrival_shelter, layout_loops_ring
D:2:      layout_loops_corners, first_ration, uniq_terence
D:3:      layout_basic, marbit_many_paths, chequers_ecumenical_altar_lobes,
          uniq_natasha
D:4:      layout_gridville, uniq_eustachio
D:5:      layout_basic, minmay_temple_entry_butterflies, serial_shops, shop,
          shop_scrolls, nicolae_shop_behind_doors, shop, lemuel_flame_loot_1
D:6:      layout_cave_pools, uniq_prince_ribbit1, uniq_sigmund
D:7:      layout_basic, kennysheep_generic_room_16, uniq_pikel
D:8:      layout_basic, serial_shops, nicolae_shop_stone, uniq_erica
D:9:      layout_layer_cave, kennysheep_orc_monster_closet_entryway,
          uniq_erolcha

Skill      XL: |  1  2  3  4  5  6  7  8  9 |
---------------+----------------------------+-----
Unarmed Combat | 4 5 6 8 10 | 10.1
Fighting       | 3 4 5 6 7 |  7.6
Invocations    | 6 |  6.7
Dodging        | |  2.4
Stealth        | |  1.0

Action                   |  1- 3 |  4- 6 |  7- 9 | 10-12 || total
-------------------------+-------+-------+-------+-------++-------
Melee: Unarmed           |   108 |   103 |   257 |    32 ||   500
       Punch             |       |     2 |    10 |     2 ||    14
  Use: Potion            |       |       |       |     2 ||     2
 Stab: Sleeping          |     2 |       |       |       ||     2
  Eat: Chunk             |    16 |    13 |    28 |     8 ||    65
Armor: Robe              |    56 |    44 |    64 |     3 ||   167
Dodge: Dodged            |    62 |    55 |    82 |     8 ||   207
       Deflected         |       |       |     1 |       ||     1
Block: Other             |       |     6 |    39 |     8 ||    53
